 Dungeon Crawl Stone Soup version 0.30-a0-879-ga8ba668304 (webtiles) character file.

Game seed: 16089393046820334020

35 bobo the Shooter (level 3, -3/21 HPs)
             Began as a Kobold Hexslinger on Mar 12, 2023.
             Engulfed by a cloud of flame (11 damage)
             ... on level 2 of the Dungeon.
             The game lasted 00:03:20 (1106 turns).

bobo the Shooter (Kobold Hexslinger)                Turns: 1106, Time: 00:03:21

Health: -3/21      AC:  7    Str:  7    XL:     3   Next: 55%
Magic:  1/4        EV: 15    Int: 16    God:
Gold:   95         SH:  0    Dex: 15    Spells: 0/4 levels left

rFire   + . .      SeeInvis .    a - +1 sling
rCold   x . .      Faith    .    (no shield)
rNeg    . . .      Spirit   .    c - +0 robe
rPois   .          Reflect  .    n - +2 hat
rElec   .          Rampage  .    e - +2 cloak
rCorr   .                        (no gloves)
Will    .....                    (no boots)
Stlth   +++                      (no amulet)
HPRegen 0.23/turn                k - ring of fire
MPRegen 0.09/turn                (no ring)

@: no status effects
A: small, no large weapons, nightstalker 3
a: no special abilities


You were on level 2 of the Dungeon.
You visited 1 branch of the dungeon, and saw 2 of its levels.

You collected 95 gold pieces.

Inventory:

Hand Weapons
 a - a +1 sling (weapon)
 l - a +2 short sword of draining
Armour
 c - a +0 robe (worn)
 e - a +2 cloak (worn)
 n - a +2 hat (worn)
Jewellery
 k - a ring of fire (left hand)
Scrolls
 b - a scroll of poison
 d - a scroll of enchant weapon {unknown}
 g - 3 scrolls of identify {unknown}
 j - a scroll of magic mapping {unknown}
 m - a scroll of immolation {unknown}
 o - a scroll of blinking {unknown}
 p - a scroll of teleportation {unknown}
Potions
 f - 3 potions of curing {unknown}
 h - 2 potions of ambrosia {unknown}
 i - a potion of haste {unknown}


   Skills:
 + Level 2.1 Fighting
 + Level 3.5 Ranged Weapons
 - Level 2.4 Dodging
 + Level 2.2 Stealth
 - Level 1.1 Spellcasting
 - Level 3.0 Hexes


You couldn't memorise any spells.
You knew the following spells:

 Your Spells              Type           Power      Damage    Failure   Level
a - Slow                  Hex            40%        N/A       7%          1
e - Inner Flame           Hex/Fire       8%         N/A       36%         3

Your spell library contained the following spells:

 Spells                   Type           Power      Damage    Failure   Level
 Tukima's Dance           Hex            10%        N/A       21%         3
 Portal Projectile        Hex/Tloc       10%        N/A       36%         3
 Cause Fear               Hex            5%         N/A       54%         4
 Animate Dead             Necr           0%         N/A       92%         4
 Blade Hands              Tmut           0%         N/A       99%         5
 Haunt                    Necr/Summ      0%         N/A       100%        7
 Infestation              Necr           0%         N/A       100%        8


Dungeon Overview and Level Annotations

Branches:
Dungeon (2/15)

Altars:


Innate Abilities, Weirdness & Mutations

You are small and have problems with some larger weapons.
You are completely attuned to the shadows.


Message History

Aim: a frilled lizard (inner flame, 40% to hit)
You shoot a sling bullet.
The sling bullet misses the frilled lizard.
You hear an angry hiss.
The goblin unwields a +0 club.
The goblin wields a +0 sling.
The goblin shoots a sling bullet.
The sling bullet closely misses you.
A ball python comes into view.
Fire: a) +1 sling
Press: ? - help, Q - select action, (/) - cycle Shift-Dir - straight line, f/p - frilled lizard
Aim: a frilled lizard (inner flame, 40% to hit)
You shoot a sling bullet.
The sling bullet barely misses the frilled lizard.
The sling bullet hits the goblin!
You kill the goblin!
A bat comes into view.
A kobold comes into view. It is wielding a +0 club.
The frilled lizard bites you but does no damage.
Fire: a) +1 sling
Press: ? - help, Q - select action, (/) - cycle Shift-Dir - straight line, f/p - frilled lizard
Aim: a frilled lizard (inner flame, 40% to hit)
You shoot a sling bullet.
The sling bullet misses the frilled lizard.
The sling bullet hits the rat!
You kill the rat!
The frilled lizard closely misses you.
Fire: a) +1 sling
Press: ? - help, Q - select action, (/) - cycle Shift-Dir - straight line, f/p - frilled lizard
Aim: a frilled lizard (inner flame, 40% to hit)
You shoot a sling bullet.
The sling bullet hits the frilled lizard.
The frilled lizard explodes!
The fiery explosion engulfs you! You resist.
Ouch! That really hurt!
The fiery explosion engulfs the bat!!
You kill the bat!
The fiery explosion engulfs the ball python!
You kill the ball python!
You are engulfed in blazing flames.
You resist.
Ouch! That really hurt!
You die...

.............#
.......#####.##
.......#
#..######
.......#
##.......
..##+###
###.....
#.......
#####..####
........
....#..# .#
........
......§#§.#
........
....#.@§†K.
........
....#.§###.
........
....#..#
........
#####..#
#.+##### #..#
...# .#.[..
.###############
.#.#...#.......#


You could see a kobold.

Vanquished Creatures
  An adder (D:2)
  A dart slug (D:1)
  4 ball pythons
  4 endoplasms (D:1)
  A giant cockroach (D:1)
  3 goblins
  A hobgoblin (D:1)
  2 quokkas (D:2)
  2 bats
  A frilled lizard (D:2)
  4 kobolds
  A rat (D:2)
25 creatures vanquished.

Notes
Turn   | Place    | Note
-------+----------+-------------------------------------------
     0 | D:1      | bobo the Kobold Hexslinger began the quest for the Orb.
     0 | D:1      | Reached XP level 1. HP: 12/12 MP: 2/2
   367 | D:1      | Reached skill level 1 in Stealth
   397 | D:1      | Reached XP level 2. HP: 16/16 MP: 3/3
   898 | D:2      | Reached XP level 3. HP: 21/21 MP: 4/4
   902 | D:2      | Learned a level 3 spell: Inner Flame
   913 | D:2      | Found a faded altar of an unknown god.
  1106 | D:2      | Engulfed by a cloud of flame

Illustrated notes

Levels and vault maps discovered:
D:1:      sevenhm_arrival_forest_fort_small_6, layout_loops_ring
D:2:      wad_crossroads, layout_basic, hellmonk_ecumenical_altar_lost_god,
          minmay_octomino_c4, uniq_terence

Skill      XL: |  1  2  3 |
---------------+----------+-----
Ranged Weapons | 3 |  3.5
Stealth        | 1 2 |  2.2
Fighting       | 2 |  2.1
Dodging        | |  2.4
Spellcasting   | |  1.1
Hexes          | |  3.0

Action                     || total
---------------------------++-------
   Fire: Sling             ||    77
   Cast: Slow              ||     7
         Inner Flame       ||     1
 Armour: Robe              ||    11
  Dodge: Dodged            ||    31

Table legend: (Time is in decaauts)
 A = Elapsed time spent in this place.
 B = Non-inter-level travel time spent in this place.
 C = Inter-level travel time spent in this place.
 D = Time resting spent in this place.
 E = Time spent auto-exploring this place.
 F = Levels seen in this place.
 G = Mean time per level.
                   A        B        C        D        E       F      G
               +--------+--------+--------+--------+--------+-----+--------+
         Total |   1123 |   1088 |     35 |      0 |    889 |   2 |  561.5 |
       Dungeon |   1123 |   1088 |     35 |      0 |    889 |   2 |  561.5 |
               +--------+--------+--------+--------+--------+-----+--------+

Top non-repeatable levels by time:
     D:1: 837 daAuts
     D:2: 286 daAuts
